 Dungeon Crawl Stone Soup version 0.25-a0-302-g9f758675c1 (webtiles) character file.

Game seed: 4253685841724327690, levelgen mode: deterministic

37 mopl the Caller (level 3, -1/24 HPs)
             Began as a Barachi Summoner on Dec 20, 2019.
             Slain by a gnoll
             ... wielding a +0 flail
              (8 damage)
             ... on level 2 of the Dungeon.
             The game lasted 00:02:29 (1502 turns).

mopl the Caller (Barachi Summoner)                  Turns: 1502, Time: 00:02:30

Health: -1/24      AC:  3    Str:  9    XL:     3   Next: 39%
Magic:  0/7        EV: 12    Int: 16    God:
Gold:   80         SH:  0    Dex: 12    Spells: 5/8 levels left

rFire    . . .     SeeInvis .   a - +0 spear
rCold    . . .     Gourm    .   (no shield)
rNeg     . . .     Faith    .   g - +0 robe
rPois    .         Spirit   .   (no helmet)
rElec    .         Reflect  .   d - +0 cloak
rCorr    .         Harm     .   (no gloves)
MR       .....                  (no boots)
Stlth    ++........             (no amulet)
HPRegen  0.08/turn              (no ring)
MPRegen  0.10/turn              (no ring)

@: can't hop, slow
A: +LOS, swims, slowness 1, strong legs 1
a: Hop


You were on level 2 of the Dungeon.
You were not hungry.

You visited 1 branch of the dungeon, and saw 2 of its levels.

You collected 80 gold pieces.

Inventory:

Hand Weapons
 a - a +0 spear (weapon)
Armour
 d - a +0 cloak (worn)
 g - a +0 robe (worn)
Scrolls
 e - a scroll of immolation {unknown}
 f - 2 scrolls of identify {unknown}
Potions
 b - a potion of berserk rage {unknown}
 h - a potion of heal wounds {unknown}
Comestibles
 c - 5 rations
 i - a chunk of flesh


   Skills:
 + Level 0.6 Polearms
 - Level 2.1 Dodging
 - Level 1.7 Stealth
 * Level 3.0 Spellcasting
 * Level 5.4 Summonings


You had 5 spell levels left.
You knew the following spells:

 Your Spells              Type           Power        Failure   Level  Hunger
a - Summon Small Mammal   Summ           ###.         1%          1    #......
b - Call Imp              Summ           ###.....     3%          2    ##.....

Your spell library contained the following spells:

 Spells                   Type           Power        Failure   Level  Hunger
 Call Canine Familiar     Summ           ###.....     6%          3    ###....
 Summon Guardian Golem    Hex/Summ       ##......     19%         3    ###....
 Summon Ice Beast         Ice/Summ       ##......     52%         4    #####..
 Summon Lightning Spire   Summ/Air       ##......     52%         4    #####..


Dungeon Overview and Level Annotations

Branches:
Dungeon (2/15)

Altars:


Innate Abilities, Weirdness & Mutations

You can be seen from farther away. (+LOS)
You can swim through water.
You cover ground slowly.
You can hop short distances.


Message History

Attack whom?
Press: ? - help, Dir - move target cursor, f/p - gnoll
Aim: a gnoll, wielding a +0 flail (moderately wounded)
You reach to attack!
You barely miss the gnoll.
The gnoll is moderately wounded.
Hop to where?
Press: ? - help, Dir - move target cursor, p - gnoll Boing!
Your magical contamination has completely faded away.
Casting: Summon Small Mammal (safe; 1% risk of failure)
Confirm with . or Enter, or press ? or * to list all spells.
The gnoll hits you with a +0 flail.
* * * LOW HITPOINT WARNING * * *
You hit the gnoll.
The gnoll is heavily wounded.
The gnoll closely misses you.
Your rat barely misses the gnoll.
You hit the gnoll but do no damage.
The gnoll is heavily wounded.
The gnoll hits you with a +0 flail!
You die...

..# #.# #.###### ####......
#.......# ### #.##..#.## .
..# #.##<....# ... #
#.#######.###.#..#
....##.#.##...rg@.......#
#......#.##....÷####......#
#.†........# ####.###
#...#.##.(...# ..#
#####.##.....# .#
#)######## # ..# ... #.##


You could see a gnoll and a friendly rat.

Vanquished Creatures
  A gnoll (D:2)
  A bat (D:1)
  2 goblins (D:1)
  A kobold (D:2)
5 creatures vanquished.

Vanquished Creatures (collateral kills)
  2 gnolls (D:2)
  An adder (D:2)
  A leopard gecko (D:1)
  2 bats (D:1)
  A giant cockroach (D:1)
  A goblin (D:1)
  A hobgoblin (D:1)
  A kobold (D:1)
  2 frilled lizards (D:1)
  A rat (D:1)
13 creatures vanquished.

Grand Total: 18 creatures vanquished

Notes
Turn   | Place    | Note
-------+----------+-------------------------------------------
     0 | D:1      | mopl the Barachi Summoner began the quest for the Orb.
     0 | D:1      | Reached XP level 1. HP: 13/13 MP: 3/3
   421 | D:1      | Reached skill level 5 in Summonings
   871 | D:1      | Reached XP level 2. HP: 11/19 MP: 0/5
  1028 | D:1      | Learned a level 2 spell: Call Imp
  1477 | D:2      | Reached XP level 3. HP: 20/24 MP: 1/7
  1480 | D:2      | Reached skill level 3 in Spellcasting
  1502 | D:2      | Slain by a gnoll

Levels and vault maps discovered:
D:1:      dpeg_arrival_oval, layout_basic, minivault_27
D:2:      layout_loops_cross, fedhas_ov_isle_minmay, xom_redecorated

Skill      XL: |  1  2  3 |
---------------+----------+-----
Summonings     | 5 |  5.4
Spellcasting   | 3 |  3.0
Polearms       | |  0.6
Dodging        | |  2.1
Stealth        | |  1.7

Action                   || total
-------------------------++-------
Melee: Unarmed           ||    32
       Spear             ||    17
 Cast: Summon Small Mamm ||    24
       Call Imp          ||     5
 Abil: Hop               ||     1
 Stab: Sleeping          ||     1
  Eat: Chunk             ||     3
Armor: Robe              ||    21
Dodge: Dodged            ||    65

Table legend:
 A = Non-vault XP
 B = Vault XP
 C = Vault XP percentage of total XP
 D = Non-vault monster count
 E = Vault monster count
 F = Vault count percentage of total count
                 A         B        C        D         E       F
            +---------+---------+-------+---------+---------+-------
      Total |      53 |       0 |   0.0 |      18 |       0 |   0.0
            +---------+---------+-------+---------+---------+-------
        D:1 |      16 |       0 |   0.0 |      13 |       0 |   0.0
        D:2 |      37 |       0 |   0.0 |       5 |       0 |   0.0
            +---------+---------+-------+---------+---------+-------
